 Dungeon Crawl Stone Soup version 0.30-a0-459-g9104f0fc43 (webtiles) character file.

Game seed: 7945219137428622526

324 BigDaddyOpFi the Ducker (level 6, 0/33 HPs)
             Began as a Spriggan Chaos Knight on Dec 15, 2022.
             Was a Plaything of Xom.
             Succumbed to Pikel's poison
             ... on level 4 of the Dungeon.
             The game lasted 00:08:04 (2486 turns).

BigDaddyOpFi the Ducker (Spriggan Chaos Knight)     Turns: 2486, Time: 00:08:05

Health: 0/33       AC:  0    Str:  8    XL:     6   Next: 23%
Magic:  7/7        EV: 20    Int: 13    God:    Xom [..*...]
Gold:   124        SH:  5    Dex: 17    Spells: 5/5 levels left

rFire   . . .      SeeInvis +    a - +0 short sword (chaos)
rCold   . . .      Faith    .    (no shield)
rNeg    . . .      Spirit   .    (body armour restricted)
rPois   +          Reflect  +    (helmet restricted)
rElec   .          Harm     .    (no cloak)
rCorr   .          Rampage  .    (gloves unavailable)
Will    +....                    (boots unavailable)
Stlth   ++........               g - amulet of reflection
HPRegen 0.25/turn                j - ring of poison resistance
MPRegen 0.10/turn                (no ring)

@: lethally poisoned (0 -> -12), very quick
A: very small, no large weapons, unfitting armour, see invisible, speed 3
a: Renounce Religion


You were on level 4 of the Dungeon.
You worshipped Xom.
You were a toy of Xom.
You visited 1 branch of the dungeon, and saw 4 of its levels.

You collected 124 gold pieces.

Inventory:

Hand Weapons
 a - a +0 short sword of chaos (weapon)
Armour
 d - a +0 helmet
Jewellery
 g - an amulet of reflection (around neck)
 j - a ring of poison resistance (left hand)
Wands
 e - a wand of quicksilver (2) (quivered)
Scrolls
 b - a scroll of identify
 i - 2 scrolls of vulnerability
Miscellaneous
 c - a piece from Xom's chessboard (15/15)


   Skills:
 + Level 3.9 Fighting
 + Level 5.2 Short Blades
 + Level 5.7 Dodging


You had 5 spell levels left.
You didn't know any spells.
Your spell library contained the following spells:

 Spells                   Type           Power      Damage    Failure   Level
 Magic Dart               Conj           0%         1d3       30%         1
 Call Imp                 Summ           0%         N/A       43%         2
 Cigotuvi's Dreadful Rot  Necr/Pois/Air  0%         N/A       43%         2
 Mephitic Cloud           Conj/Pois/Air  0%         N/A       67%         3
 Dispel Undead            Necr           0%         3d6       97%         4
 Death Channel            Necr           0%         N/A       100%        6


Dungeon Overview and Level Annotations

Branches:
Dungeon (3/15)

Altars:

Shops:
D:2 *   D:3 [

Annotations:
D:3 Ijyb


Innate Abilities, Weirdness & Mutations

You are very small and have problems with some larger weapons.
You are too small for most types of armour.
You have supernaturally acute eyesight. (SInv)
You cover ground extremely quickly. (Speed+++)


Message History

The orc wizard dies!
Aiming: Polymorph
Press: ? - help, Q - select action, (/) - cycle Shift-Dir - straight line, f/p - Pikel
Aim: Pikel the queen bee (ally target, will become a harpy, a steam dragon, or a rime drake, chance to affect: 49%) Pikel resists with some effort.
The now-empty wand crumbles to dust.
Unknown command.
Unknown command.
Your hound misses Pikel.
Your hound bites Pikel but does no damage.
Pikel stings your hound!
Your hound dies!
Your hound's corpse disappears in a puff of smoke!
Pikel buzzes angrily.
Things that are here:
a +0 dagger; a +0 robe
Aiming: Quicksilver Bolt
Press: ? - help, Q - select action, (/) - cycle Shift-Dir - straight line, f/p - Pikel
Aim: Pikel the queen bee (71% to hit)
The bolt of dispelling energy hits Pikel!
Pikel is heavily wounded.
Pikel stings you.
You emit a cloud of colourful smoke!
Aiming: Quicksilver Bolt
Press: ? - help, Q - select action, (/) - cycle Shift-Dir - straight line, f/p - Pikel
Aim: Pikel the queen bee (magical condensation, heavily wounded, 71% to hit)
The bolt of dispelling energy hits Pikel!
Pikel is almost dead.
Pikel stings you!
* * * LOW HITPOINT WARNING * * *
A shower of butterflies erupts from you!
You are lethally poisoned!
Pikel poisons you!
Aiming: Quicksilver Bolt
Press: ? - help, Q - select action, (/) - cycle Shift-Dir - straight line, f/p - Pikel
Aim: Pikel the queen bee (magical condensation, almost dead, ally target, 71% to hit)
The bolt of dispelling energy hits Pikel!
You kill Pikel!
Pikel returns to his original shape as he dies.
You die...
Xom snickers!

#### ..# #####.# #
#.....######## #
#.........b..# #
#.....b§§b...# #
#......§@§...# #
#..)....§§...# #
#####.....########
#####.........#
.....>##.####.#
#####.##.# ..# #
#!##.# ### #
#.##.# # #.##.#


There were no monsters in sight!

Vanquished Creatures
  A queen bee (D:4)
  An orc priest (D:3)
  A hound (D:4)
  Terence (D:3)
  3 orc wizards
  Robin (D:2)
  3 adders
  2 worms
  2 dart slugs
  5 orcs
  4 ball pythons
  2 endoplasms (D:1)
  4 giant cockroaches (D:1)
  18 goblins
  6 hobgoblins
  4 jackals
  5 quokkas
  7 bats
  6 frilled lizards
  3 kobolds
  6 rats
85 creatures vanquished.

Vanquished Creatures (collateral kills)
  An orc wizard (D:4)
  2 orcs (D:3)
  3 jackals (D:3)
  A bat (D:3)
7 creatures vanquished.

Grand Total: 92 creatures vanquished

Notes
Turn   | Place    | Note
-------+----------+-------------------------------------------
     0 | D:1      | BigDaddyOpFi the Spriggan Chaos Knight began the quest for
                  | the Orb.
     0 | D:1      | Reached XP level 1. HP: 11/11 MP: 2/2
    57 | D:1      | XOM: silly message
    83 | D:1      | XOM: silly message
   121 | D:1      | XOM: confuse monster(s)
   168 | D:1      | Reached XP level 2. HP: 16/16 MP: 3/3
   516 | D:1      | XOM: cast spell 'Chain of Chaos'
   519 | D:1      | Reached XP level 3. HP: 19/19 MP: 4/4
   562 | D:1      | XOM: noise
   740 | D:1      | XOM: noise
   904 | D:2      | XOM: enchant monster (bad)
   954 | D:2      | Found Riobood's General Store.
  1014 | D:2      | Noticed Robin
  1019 | D:2      | XOM: 2-stop teleportation journey
  1089 | D:2      | Reached XP level 4. HP: 24/24 MP: 5/5
  1318 | D:2      | Killed Robin
  1323 | D:2      | XOM: cast spell 'Cause Fear'
  1566 | D:3      | Found Xett's Antique Armour Shop.
  1597 | D:3      | XOM: summons 2 friendly demons
  1613 | D:3      | Reached XP level 5. HP: 10/28 MP: 6/6
  1881 | D:3      | XOM: enchant monster (bad)
  1894 | D:3      | Reached skill level 5 in Dodging
  2016 | D:3      | Noticed Terence
  2019 | D:3      | XOM: confuse monster(s)
  2025 | D:3      | Killed Terence
  2087 | D:3      | Found a faded altar of an unknown god.
  2095 | D:3      | Noticed Ijyb
  2111 | D:3      | You fall into a shaft and drop 1 floor!
  2162 | D:4      | XOM: cast spell 'Summon Small Mammal'
  2186 | D:4      | Reached skill level 5 in Short Blades
  2187 | D:4      | Reached XP level 6. HP: 26/33 MP: 7/7
  2274 | D:4      | XOM: silly message
  2369 | D:4      | XOM: silly message
  2369 | D:4      | Noticed Pikel
  2370 | D:4      | XOM: confuse monster(s)
  2449 | D:4      | XOM: swap monsters
  2477 | D:4      | XOM: cast spell 'Call Canine Familiar'
  2478 | D:4      | Pikel changed into Pikel the rime drake
  2478 | D:4      | Noticed Pikel
  2479 | D:4      | Pikel the rime drake changed into Pikel the queen bee
  2479 | D:4      | Noticed Pikel
  2484 | D:4      | XOM: smoke on damage
  2485 | D:4      | XOM: butterfly on damage
  2486 | D:4      | Killed Pikel the queen bee
  2486 | D:4      | Succumbed to Pikel's poison

Illustrated notes

Levels and vault maps discovered:
D:1:      kennysheep_arrival_seaside, layout_basic
D:2:      layout_rooms, serial_shops, nicolae_shop_window_shopping, uniq_robin
D:3:      layout_loops_cross, serial_shops, shop,
          chequers_ecumenical_altar_simple, uniq_ijyb, uniq_terence
D:4:      black_bear_nest_2, layout_basic, yredelemnul_forgotten_temple_becter,
          cheibrodos_sewer_entry_bend, uniq_pikel

Skill      XL: |  1  2  3  4  5 |
---------------+----------------+-----
Dodging        | 4 5 |  5.7
Fighting       | 3 |  3.9
Short Blades   | 4 5 |  5.2

Action                   |  1- 3 |  4- 6 || total
-------------------------+-------+-------++-------
Melee: Short sword       |   146 |   220 ||   366
       Punch             |     2 |       ||     2
       Unarmed           |       |     9 ||     9
Evoke: Wand              |       |     8 ||     8
  Use: Scroll            |       |     7 ||     7
       Potion            |       |     6 ||     6
 Stab: Sleeping          |     2 |     1 ||     3
       Petrifying        |       |     2 ||     2
       Confused          |       |     2 ||     2
Armor: Robe              |    20 |     8 ||    28
       Skin              |       |    31 ||    31
Dodge: Dodged            |   104 |   109 ||   213
Block: Other             |       |    38 ||    38

Table legend: (Time is in decaauts)
 A = Elapsed time spent in this place.
 B = Non-inter-level travel time spent in this place.
 C = Inter-level travel time spent in this place.
 D = Time resting spent in this place.
 E = Time spent auto-exploring this place.
 F = Levels seen in this place.
 G = Mean time per level.
                   A        B        C        D        E       F      G
               +--------+--------+--------+--------+--------+-----+--------+
         Total |   1699 |   1673 |     26 |    228 |    588 |   4 |  424.8 |
       Dungeon |   1699 |   1673 |     26 |    228 |    588 |   4 |  424.8 |
               +--------+--------+--------+--------+--------+-----+--------+

Top non-repeatable levels by time:
     D:1: 576 daAuts
     D:3: 485 daAuts
     D:2: 389 daAuts
     D:4: 248 daAuts
